 Dungeon Crawl Stone Soup version 0.30-a0-782-ge64f9170bb (webtiles) character file.

Game seed: 16869262399557139469

30526 RepoMan the Destroyer (level 13, -2/98 HPs)
             Began as a Mummy Conjurer on Mar 1, 2023.
             Was an Elder of Sif Muna.
             Killed by the air
             ... invoked by a wind drake
              (12 damage)
             ... on level 5 of the Lair of Beasts on Mar 2, 2023.
             The game lasted 02:31:15 (21105 turns).

RepoMan the Destroyer (Mummy Conjurer)             Turns: 21105, Time: 02:31:16

Health: -2/98      AC:  5    Str: 17    XL:     13   Next: 21%
Magic:  6/24       EV: 14    Int: 22    God:    Sif Muna [****..]
Gold:   1028       SH:  0    Dex: 10    Spells: 3/27 levels left

rFire   x . .      SeeInvis .    A - +2 dagger (elec)
rCold   + . .      Faith    +    (no shield)
rNeg    + + +      Spirit   .    m - +0 robe {Archmagi}
rPois   ∞          Reflect  .    h - +2 hat
rElec   .          Harm     .    l - +0 cloak
rCorr   .          Rampage  .    (no gloves)
Will    +....      Archmagi +    (no boots)
Stlth   ++                       (no amulet)
HPRegen 0.36/turn                (no ring)
MPRegen 0.19/turn                e - +6 ring of strength

@: no status effects
A: cold resistance 1, negative energy resistance 3, torment resistance 2, heat
vulnerability 1, in touch with death 2, no potions, faith
a: Renounce Religion, Channel Magic, Forget Spell, Divine Exegesis


You were on level 5 of the Lair of Beasts.
You worshipped Sif Muna.
Sif Muna was greatly pleased with you.
You visited 3 branches of the dungeon, and saw 17 of its levels.
You also visited: Ossuary.

You collected 1028 gold pieces.

Inventory:

Hand Weapons
 A - a +2 dagger of electrocution (weapon)
Missiles
 g - 25 poisoned darts
 u - a throwing net
Armour
 a - a +0 robe
 h - a +2 hat (worn)
 l - a +0 cloak (worn)
 m - a +0 robe of the Archmagi (worn)
 y - a +0 troll leather armour
Jewellery
 e - a +6 ring of strength (right hand)
 f - a ring of fire
Wands
 d - a wand of charming (5)
 n - a wand of quicksilver (1)
 o - a wand of flame (33)
 p - a wand of polymorph (4)
Scrolls
 b - a scroll of fear
 c - 4 scrolls of fog
 i - 3 scrolls of silence
 j - 5 scrolls of enchant weapon
 k - 3 scrolls of brand weapon
 q - a scroll of poison
 r - 5 scrolls of teleportation
 s - 4 scrolls of identify
 t - 2 scrolls of immolation
 v - 2 scrolls of magic mapping
 w - 3 scrolls of enchant armour
 x - 4 scrolls of amnesia


   Skills:
 + Level 8.2 Fighting
 + Level 6.9 Dodging
 - Level 3.3 Stealth
 - Level 7.7 Spellcasting
 * Level 12.8 Conjurations
 - Level 4.4 Hexes
 - Level 3.3 Translocations
 + Level 8.6 Invocations


You had 3 spell levels left.
You knew the following spells:

 Your Spells              Type           Power      Damage    Failure   Level
d - Dazzling Flash        Conj/Hex       100%       N/A       1%          3
e - Orb of Destruction    Conj           38%        9d11      34%         7
m - Iskenderun's Mystic   Conj/Tloc      60%        2d13      2%          4
p - Fulminant Prism       Conj/Hex       31%        3d16      2%          4
q - Magic Dart            Conj           100%       1d8       1%          1
r - Searing Ray           Conj           100%       2d8       1%          2
G - Summon Guardian Gole  Hex/Summ       27%        N/A       10%         3

Your spell library contained the following spells:

 Spells                   Type           Power      Damage    Failure   Level
 Slow                     Hex            100%       N/A       1%          1
 Hailstorm                Conj/Ice       53%        3d12      1%          3
 Lesser Beckoning         Tloc           68%        N/A       3%          2
 Portal Projectile        Hex/Tloc       76%        N/A       4%          3
 Gell's Gravitas          Tloc           34%        N/A       6%          3
 Teleport Other           Tloc           34%        N/A       6%          3
 Freeze                   Ice            48%        1d6       8%          1
 Call Canine Familiar     Summ           12%        N/A       22%         3
 Frozen Ramparts          Ice            24%        1d4       22%         3
 Cause Fear               Hex            20%        N/A       13%         4
 Anguish                  Hex/Necr       28%        N/A       30%         4
 Leda's Liquefaction      Hex/Erth       13%        N/A       30%         4
 Summon Ice Beast         Ice/Summ       12%        N/A       58%         4
 Metabolic Englaciation   Hex/Ice        13%        N/A       65%         5
 Silence                  Hex/Air        13%        N/A       65%         5
 Summon Mana Viper        Hex/Summ       27%        N/A       65%         5
 Agony                    Necr           28%        N/A       91%         5
 Spellforged Servitor     Conj/Summ      26%        N/A       99%         7
 Monstrous Menagerie      Summ           6%         N/A       100%        7


Dungeon Overview and Level Annotations

Branches:
Dungeon (11/15)            Temple (1/1) D:4            Lair (5/5) D:10
  Snake (0/4) Lair:3        Slime (0/5) Lair:4      Ossuary (visited)
  Swamp: Lair:2-3    Shoals: Lair:2-3       Orc: D:9-12

Altars:
Ashenzari
Cheibriados
Dithmenos
Fedhas
Gozag
Hepliaklqana
Makhleb
Okawaru
Qazlal
Sif Muna
Trog
Vehumet
Wu Jian
Xom
Yredelemnul
Jiyva

Shops:
D:3 [

Annotations:
D:8 2 transporters, Ijustatesigmund's ghost, novice GrFi
Lair:3 !, Josephine
Lair:4 exclusion: 2 downstairs


Innate Abilities, Weirdness & Mutations

You are immune to poison.
Your flesh is cold resistant. (rC+)
You are immune to negative energy. (rN+++)
You are immune to unholy pain and torment.
You are vulnerable to heat. (rF-)
You are strongly in touch with the powers of death.
You do not drink.
You have a special connection with the divine. (Faith)


Message History

Casting: Searing Ray (safe; 1% risk of failure)
Confirm with . or Enter, or press ? or * to list all spells.
You feel a surge of power!
You erupt in a blast of force!
The mystic blast hits the wind drake.
The wind drake is almost dead.
The wind drake is knocked back by the mystic blast.
The wind drake exhales a fierce blast of wind!
You are knocked back by the gust of wind.
You slam into the rock wall!
* * * LOW HITPOINT WARNING * * *
Your guardian golem is knocked back by the gust of wind.
Your guardian golem slams into the rock wall!
Your guardian golem is moderately damaged.
Okay, then.
Okay, then.
Press: ? - help, v - describe, . - travel
Here: a wind drake (almost dead, repelling missiles, catching its breath, ally target)
The floor.
Unknown command.
Press: ? - help, v - describe, . - travel
Here: a wind drake (almost dead, repelling missiles, catching its breath, ally target)
The floor.
Okay, then.
Unknown command.
Casting: Iskenderun's Mystic Blast (dangerous; 2% risk of failure)
Confirm with . or Enter, or press ? or * to list all spells.
Aiming: Fulminant Prism (dangerous; 2% risk of failure)
Press: ? - help, Dir - move target, p - wind drake You feel a surge of power!
You conjure a prism of explosive energy!
A fulminant prism comes into view.
The wind drake bites your fulminant prism!
The wind drake flaps its wings at you. The air twists around and strikes you!
* * * LOW HITPOINT WARNING * * *
The wind drake bites your fulminant prism.
Your fulminant prism crackles loudly.
The wind drake flaps its wings at you. The air twists around and strikes you!
You die...

### ####.# ##.k#.#####
#.#9*...#.##
#$.$k####...@..########
### #.....
##...÷÷..#..#.# ##.#
......#
####.#....#.#####..#
......
######.....#.#..#
....Y. ####......##
...Y. ###.#...#. .....
#..##..... #..##.....
##......÷.


You could see a wind drake (repels missiles, ally target), a friendly guardian
golem (summoned) and a friendly fulminant prism (sheltered).

Vanquished Creatures
  5 hydras
  A two-headed ogre (D:9)
  Amaemon (Lair:3)
  Nergalle (Lair:2)
  A skyshark (Lair:4)
  8 black mambas
  A torpor snail (Lair:4)
  An orange demon (Lair:3)
  14 cane toads
  9 komodo dragons
  4 rime drakes
  A troll (D:9)
  4 polar bears
  A snapping turtle (Lair:5)
  3 blink frogs (Lair:2)
  A shadow (D:10)
  3 wyverns
  2 basilisks
  2 wraiths (Lair:3)
  24 yaks
  3 wargs (D:10)
  2 swamp worms (Lair:3)
  An acid dragon (D:10)
  17 water moccasins
  2 ogres
  2 ice beasts
  4 orc warriors
  2 black bears
  2 sky beasts
  A boggart (D:6)
  A wolf (Lair:2)
  A centaur (D:4)
  2 kobold brigands
  A phantom (D:6)
  A necrophage (D:4)
  13 bullfrogs
  An elf zombie (Ossuary)
  2 gnoll sergeants
  3 scorpions
  4 killer bees (D:9)
  A howler monkey (D:7)
  2 centaur zombies (Ossuary)
  2 hounds
  7 orc priests
  2 gnoll boudas (D:10)
  A human zombie (Ossuary)
  A jelly (D:7)
  3 iguanas
  7 orc wizards
  6 hell rats (Lair:4)
  2 mummies (Ossuary)
  22 gnolls
  13 adders
  A white imp (D:5)
  An adder zombie (Ossuary)
  A worm (D:5)
  5 dart slugs
  43 orcs
  5 ball pythons
  12 endoplasms
  4 giant cockroaches
  4 goblins
  7 hobgoblins
  4 jackals (D:4)
  7 quokkas
  4 bats (D:1)
  2 frilled lizards (D:2)
  12 hobgoblin zombies (Ossuary)
  2 jackal zombies (Ossuary)
  20 kobolds
  8 kobold zombies (Ossuary)
  9 orc zombies (Ossuary)
  4 rats
  A rat zombie (Ossuary)
  A fulminant prism (Lair:1)
378 creatures vanquished.

Vanquished Creatures (collateral kills)
  Prince Ribbit (Lair:2)
1 creature vanquished.

Vanquished Creatures (others)
  A gargoyle (D:10)
  2 cane toads
  2 komodo dragons
  2 wraiths (Lair:3)
  An acid dragon (D:8)
  A water moccasin (Lair:3)
  An orc warrior (D:8)
  A bullfrog (Lair:4)
  A quokka (D:7)
  221 fulminant prisms
  46 fungi
  77 plants
356 creatures vanquished.

Grand Total: 735 creatures vanquished

Notes
Turn   | Place    | Note
-------+----------+-------------------------------------------
     0 | D:1      | RepoMan the Mummy Conjurer began the quest for the Orb.
     0 | D:1      | Reached XP level 1. HP: 13/13 MP: 4/4
   394 | D:1      | Reached XP level 2. HP: 15/19 MP: 3/6
   495 | D:1      | Learned a level 2 spell: Searing Ray
  1180 | D:2      | Gained mutation: You are in touch with the powers of death.
                  | [Mummy growth]
  1180 | D:2      | Reached XP level 3. HP: 24/24 MP: 3/7
  1379 | D:2      | Found a faded altar of an unknown god.
  1559 | D:2      | Reached skill level 4 in Conjurations
  1819 | D:2      | Reached XP level 4. HP: 30/30 MP: 6/9
  1834 | D:2      | Learned a level 3 spell: Dazzling Flash
  2121 | D:2      | Learned a level 4 spell: Fulminant Prism
  2629 | D:3      | Found Gaitinic's Armour Shop.
  3399 | D:4      | Reached XP level 5. HP: 34/35 MP: 5/11
  3448 | D:4      | Reached skill level 1 in Hexes
  3666 | D:4      | Found a staircase to the Ecumenical Temple.
  3682 | Temple   | Entered the Ecumenical Temple
  3706 | Temple   | Became a worshipper of Sif Muna the Loreminder
  3867 | D:4      | Noticed a black bear
  3879 | D:4      | Killed a black bear
  3880 | D:4      | Reached skill level 5 in Conjurations
  3880 | D:4      | Reached XP level 6. HP: 41/41 MP: 6/12
  4400 | D:4      | Noticed a water moccasin
  4413 | D:4      | Killed a water moccasin
  4414 | D:4      | Reached skill level 5 in Spellcasting
  4414 | D:4      | Reached XP level 7. HP: 27/46 MP: 6/14
  4670 | D:4      | Reached skill level 6 in Conjurations
  4673 | D:4      | Reached * piety under Sif Muna
  4699 | D:4      | Learned a level 4 spell: Iskenderun's Mystic Blast
  5151 | D:5      | Entered Level 5 of the Dungeon
  5605 | D:5      | Reached skill level 1 in Invocations
  5868 | D:5      | Reached XP level 8. HP: 52/52 MP: 9/16
  6644 | D:6      | Reached skill level 7 in Conjurations
  7503 | D:7      | Reached ** piety under Sif Muna
  7651 | D:7      | Reached skill level 1 in Translocations
  7744 | D:7      | Found an opulent altar of Gozag.
  7855 | D:7      | Found a sand-covered staircase.
  7862 | Ossuary  | Entered an ossuary
  8118 | Ossuary  | Reached *** piety under Sif Muna
  8223 | Ossuary  | Reached XP level 9. HP: 53/57 MP: 7/17
  8298 | Ossuary  | Reached skill level 8 in Conjurations
  9148 | D:7      | Learned a level 3 spell: Summon Guardian Golem
  9399 | D:8      | Noticed Ijustatesigmund's ghost (novice GrFi)
  9480 | D:8      | Reached skill level 1 in Fighting
  9747 | D:8      | Found a snail-covered altar of Cheibriados.
 10249 | D:8      | Reached **** piety under Sif Muna
 10310 | D:8      | Found a transporter.
 10387 | D:8      | Found a transporter.
 10667 | D:9      | Reached XP level 10. HP: 68/68 MP: 6/19
 10789 | D:9      | Found a shadowy altar of Dithmenos.
 10800 | D:9      | Noticed a two-headed ogre
 10825 | D:9      | Killed a two-headed ogre
 10826 | D:9      | Reached skill level 9 in Conjurations
 11334 | D:9      | Reached skill level 5 in Invocations
 11459 | D:9      | Found a blossoming altar of Fedhas.
 11555 | D:9      | Found a basalt altar of Yredelemnul.
 11684 | D:10     | Entered Level 10 of the Dungeon
 11828 | D:10     | Found a staircase to the Lair.
 12900 | D:10     | Noticed a gargoyle
 12992 | D:10     | Killed a gargoyle
 12993 | D:10     | Reached skill level 10 in Conjurations
 13613 | D:11     | Noticed a boulder beetle
 13692 | Lair:1   | Entered Level 1 of the Lair of Beasts
 13704 | Lair:1   | Noticed a black mamba
 13710 | Lair:1   | Killed a black mamba
 13711 | Lair:1   | Reached XP level 11. HP: 69/78 MP: 18/20
 13724 | Lair:1   | Identified the +5 mace of Division {protect, Contam rPois
                  | rN+ Int+4}
 14882 | Lair:2   | Reached ***** piety under Sif Muna
 14883 | Lair:2   | Reached skill level 5 in Fighting
 14895 | Lair:2   | Noticed Prince Ribbit
 14902 | Lair:2   | Killed Prince Ribbit
 15438 | Lair:2   | Received a gift from Sif Muna
 15439 | Lair:2   | Got Sif Muna's Catalogue of Enchantment {god gift}
 16158 | Lair:3   | Reached skill level 5 in Dodging
 16158 | Lair:3   | Reached skill level 11 in Conjurations
 16239 | Lair:3   | Noticed an eight-headed hydra
 16245 | Lair:3   | Killed an eight-headed hydra
 16844 | Lair:3   | Reached XP level 12. HP: 89/89 MP: 11/22
 16909 | Lair:3   | Learned a level 7 spell: Orb of Destruction
 16924 | Lair:3   | Found a staircase to the Snake Pit.
 16976 | Lair:3   | Noticed an eight-headed hydra
 17061 | Lair:3   | Killed an eight-headed hydra
 17556 | Lair:3   | Noticed Nergalle
 17566 | Lair:2   | Killed Nergalle
 17714 | Lair:3   | Noticed Amaemon
 17749 | Lair:3   | Killed Amaemon
 17886 | Lair:3   | Noticed a five-headed hydra
 17896 | Lair:3   | Killed a five-headed hydra
 18102 | Lair:3   | Noticed Josephine
 18595 | Lair:4   | Reached skill level 12 in Conjurations
 19445 | Lair:4   | Noticed an eight-headed hydra
 19456 | Lair:4   | Killed an eight-headed hydra
 19623 | Lair:4   | Gained mutation: You are strongly in touch with the powers
                  | of death. [Mummy growth]
 19623 | Lair:4   | Reached XP level 13. HP: 75/98 MP: 6/24
 20063 | Lair:4   | Found a viscous altar of Jiyva.
 20063 | Lair:4   | Found a staircase to the Slime Pits.
 20493 | Lair:5   | Entered Level 5 of the Lair of Beasts
 21105 | Lair:5   | Killed from afar by a wind drake

Illustrated notes

Levels and vault maps discovered:
D:1:      tarquinn_simple_flora_water_a, layout_loops_cross,
          hangedman_decor_push, minmay_bisected
D:2:      layout_rooms, shapermc_ecumenical_altar_ellora, minmay_pentomino_s2
D:3:      minmay_general_purpose_star, layout_loops_corners, serial_shops,
          shop_fountains
D:4:      layout_loops_corners, minmay_temple_entry_gardened_gates,
          minmay_surrounded
D:5:      layout_basic, nicolae_figureground_sparkle
D:6:      layout_rooms
D:7:      layout_cave_pools, amcnicky_altar_gilded, elyvilon_altar_4,
          zin_academy, chequers_ossuary_entry_cave
D:8:      layout_cave_pods, cheibriados_altar_1, gammafunk_ghost_stat_death,
          minivault_22
D:9:      layout_roguey, mainiacjoe_overflow_paths, yredelemnul_altar_generic,
          nicolae_dithmenos_shadow_blocks, statue_in_the_mist_lemuel
D:10:     layout_stronghold, tso_oasis_becter, erik_lair_orcish_takeover
D:11:     layout_rooms, hangedman_parallel_progression
Temple:   nicolae_temple_bog_church
Lair:1:   layout_roguey, grunt_megastairs_2
Lair:2:   layout_big_grid, minivault_11, beast_lair_carwin_1,
          uniq_prince_ribbit2
Lair:3:   layout_regular_city, palyth_hydra_swamp_entry,
          minmay_snake_entry_six_corridors, beast_lair_carwin_2, uniq_amaemon,
          uniq_josephine, uniq_nergalle
Lair:4:   layout_regular_city, slime_entry_1, nzn_random_ring
Lair:5:   gammafunk_lair_ancient_temple, layout_cave_pods, dpeg_oklob_1,
          lemuel_fruit_tree

Skill      XL: |  1  2  3  4  5  6  7  8  9 10 11 12 13 |
---------------+----------------------------------------+-----
Spellcasting   | 3 4 5 6 7 |  7.7
Conjurations   | 4 5 6 7 8 10 11 12 | 12.8
Hexes          | 1 2 3 4 |  4.4
Stealth        | 2 3 |  3.3
Invocations    | 1 3 4 5 7 8 |  8.6
Translocations | 1 3 |  3.3
Fighting       | 2 4 6 7 8 |  8.2
Dodging        | 2 3 5 6 |  6.9

Action                     |  1- 3 |  4- 6 |  7- 9 | 10-12 | 13-15 || total
---------------------------+-------+-------+-------+-------+-------++-------
  Melee: Short sword       |    16 |       |       |       |       ||    16
         Dagger            |       |     7 |     8 |    38 |    14 ||    67
         Rapier            |       |       |     1 |     4 |       ||     5
         Punch             |       |       |     1 |       |       ||     1
  Throw: Dart              |     1 |     4 |    27 |     2 |     1 ||    35
         Throwing net      |       |       |       |       |     1 ||     1
   Cast: Magic Dart        |    74 |    81 |   146 |     5 |     1 ||   307
         Searing Ray       |     1 |    16 |    41 |    37 |     9 ||   104
         Dazzling Flash    |       |     1 |       |     1 |       ||     2
         Fulminant Prism   |       |       |    20 |   177 |    26 ||   223
         Iskenderun's Myst |       |       |    12 |    46 |     2 ||    60
         Summon Guardian G |       |       |     3 |     9 |     3 ||    15
         Orb of Destructio |       |       |       |     1 |       ||     1
 Invoke: Channel Magic     |       |       |     2 |    11 |       ||    13
  Evoke: Wand              |       |     2 |     9 |    15 |     2 ||    28
    Use: Scroll            |       |     6 |     7 |    10 |       ||    23
   Stab: Invisible         |       |     1 |       |       |       ||     1
         Sleeping          |       |       |     2 |     1 |       ||     3
 Armour: Robe              |     5 |     5 |    37 |    20 |     5 ||    72
  Dodge: Dodged            |    17 |    15 |    47 |    73 |    23 ||   175

Table legend: (Time is in decaauts)
 A = Elapsed time spent in this place.
 B = Non-inter-level travel time spent in this place.
 C = Inter-level travel time spent in this place.
 D = Time resting spent in this place.
 E = Time spent auto-exploring this place.
 F = Levels seen in this place.
 G = Mean time per level.
                   A        B        C        D        E       F      G
               +--------+--------+--------+--------+--------+-----+--------+
         Total |  21128 |  20434 |    694 |   7536 |   6218 |  18 | 1173.8 |
       Dungeon |  12944 |  12452 |    492 |   3793 |   4239 |  11 | 1176.7 |
        Temple |     42 |     27 |     15 |      0 |      0 |   1 |   42.0 |
          Lair |   7433 |   7246 |    187 |   3393 |   1979 |   5 | 1486.6 |
       Ossuary |    708 |    708 |      0 |    350 |      0 |   1 |  708.0 |
               +--------+--------+--------+--------+--------+-----+--------+

Top non-repeatable levels by time:
  Lair:4: 2317 daAuts
  Lair:3: 1909 daAuts
    D:10: 1880 daAuts
     D:4: 1675 daAuts
  Lair:2: 1569 daAuts
  Lair:1: 1367 daAuts
     D:3: 1310 daAuts
     D:8: 1274 daAuts
     D:5: 1270 daAuts
     D:6: 1267 daAuts
     D:1: 1265 daAuts
     D:9: 1193 daAuts
     D:7: 891 daAuts
     D:2: 857 daAuts
 Ossuary: 708 daAuts
